 Dungeon Crawl Stone Soup version 0.16.1-18-g436b03c (webtiles) character file.

376 noize the Skirmisher (level 6, -10/33 HPs)
             Began as a Vine Stalker Fighter on May 5, 2015.
             Mangled by an ogre
             ... wielding a +0 giant club
              (13 damage)
             ... on level 5 of the Dungeon.
             The game lasted 00:05:10 (2595 turns).

noize the Skirmisher (Vine Stalker Fighter)         Turns: 2595, Time: 00:05:10

Health: -10/33     AC:  8    Str: 20    XL:     6   Next: 73%
Magic:  0/8        EV:  7    Int:  8    God:
Gold:   233        SH:  9    Dex: 14    Spells: 0 memorised, 5 levels left

rFire  . . .     SeeInvis .     F - +0 hand axe (chop)
rCold  . . .     Clarity  .     b - +0 scale mail
rNeg   . . .     SustAb   .     c - +0 shield
rPois  .         Gourm    .     (no helmet)
rElec  .         Spirit   +     w - +0 cloak
rCorr  .         Warding  .     (no gloves)
rMut   .         Stasis   .     (no boots)
MR     .....                    (no amulet)
Stlth  ..........               (no ring)
                                (no ring)

@: not resistant to hostile enchantments, extremely unstealthy
A: fangs 2, regeneration 2, magic shield, antimagic bite, no device heal 3, rot
immunity
a: no special abilities


You were on level 5 of the Dungeon.
You were not hungry.

You visited 1 branch of the dungeon, and saw 5 of its levels.

You collected 233 gold pieces.

Inventory:

Hand weapons
 A - a +0 war axe
 F - a +0 hand axe of chopping (weapon)
Missiles
 q - 5 steel javelins (quivered)
Armour
 b - a +0 scale mail (worn)
 c - a +0 shield (worn)
 i - a +4 ring mail
 w - a +0 cloak (worn)
Magical staves
 y - an uncursed staff of death {unknown}
Jewellery
 a - a +3 ring of strength {unknown}
 r - an uncursed ring of poison resistance {unknown}
 t - an uncursed ring of stealth {unknown}
Magical devices
 x - a wand of draining (3)
 z - a wand of slowing (15)
 D - a wand of fire (10)
Scrolls
 g - 5 scrolls of remove curse {unknown}
 j - 4 scrolls of enchant armour {unknown}
 k - a scroll of random uselessness {unknown}
 l - a scroll of immolation {unknown}
 n - 2 scrolls of identify {unknown}
 o - 3 scrolls of magic mapping {unknown}
 u - a scroll of fog {unknown}
 v - 2 scrolls of noise {unknown}
 C - a scroll of enchant weapon {unknown}
Potions
 e - a potion of might
 f - a potion of invisibility {unknown}
 h - a potion of resistance {unknown}
 m - a potion of agility {unknown}
 s - 3 potions of heal wounds {unknown}
 E - a potion of beneficial mutation {unknown}
Books
 B - an Akashic Record {highlevel, unknown}

   This book is beyond your current level of understanding.

   Spells                             Type                      Level
   a - Dispersal                      Translocation                6
   b - Controlled Blink               Translocation                7
   c - Malign Gateway                 Summoning/Translocation      7
   d - Disjunction                    Translocation                8
   e - Singularity                    Translocation                9
Comestibles
 d - 5 bread rations
 p - 2 slices of pizza
 G - 3 chunks of flesh


   Skills:
 * Level 4.2 Fighting
 * Level 4.1 Axes
 + Level 3.3 Armour
 + Level 3.4 Shields


You had 5 spell levels left.
You didn't know any spells.

Dungeon Overview and Level Annotations

Branches:
Dungeon (5/15)
 Temple: D:4-7

Altars:
Cheibriados
Makhleb
Nemelex Xobeh
Ru
Sif Muna
Xom
Zin


Innate Abilities, Weirdness & Mutations

You have extremely sharp teeth.
You heal very quickly.
When hurt, damage is shared between your health and your magic reserves.
Your bite disrupts and absorbs the magic of your enemies.
Potions and wands cannot restore your health.
You are immune to rotting.


Message History

The ogre is heavily wounded.
You hit the orc.
The orc is severely wounded.
The ogre barely misses you. The orc hits you with a trident.
You hit the orc.
You kill the orc!
You hit the ogre.
The ogre is severely wounded.
The ogre hits you with a giant club!
You hit the ogre but do no damage.
The ogre is severely wounded.
The ogre hits you with a giant club!!
Ouch! That really hurt!
* * * LOW HITPOINT WARNING * * *
You are too injured to fight recklessly!
You are too injured to fight recklessly!
You hit the ogre. You bite the ogre. You drain its power.
You feel invigorated.
The ogre is almost dead.
The ogre hits you with a giant club!
You die...

##..#######
###........#
#......#####
#...###...#
#.# ##..## .
#...###
##....#
##..####
#O@#.#
#.)##.#
....# ..
...#.# .##
..... ## ...
.


You could see an ogre.

Vanquished Creatures
  2 ogres (D:4)
  A hound (D:4)
  An iguana (D:4)
  A worker ant (D:4)
  Jessica (D:2)
  2 adders
  A giant mite (D:4)
  An adder skeleton (D:4)
  2 giant geckos (D:4)
  2 oozes
  3 orcs
  A ball python (D:3)
  9 bats
  6 giant cockroaches
  9 goblins
  11 hobgoblins
  7 jackals
  5 kobolds
  A quokka (D:2)
  A ball python skeleton (D:4)
  7 giant newts
  8 rats
82 creatures vanquished.

Notes
Turn   | Place    | Note
--------------------------------------------------------------
     0 | D:1      | noize, the Vine Stalker Fighter, began the quest for the Orb.
     0 | D:1      | Reached XP level 1. HP: 11/11 MP: 1/1
   107 | D:1      | Reached XP level 2. HP: 16/16 MP: 3/3
   558 | D:1      | Reached XP level 3. HP: 19/19 MP: 4/4
   563 | D:1      | Reached skill level 3 in Fighting
   879 | D:2      | Noticed Jessica
   887 | D:2      | Killed Jessica
   963 | D:2      | Found a sparkling altar of Nemelex Xobeh.
  1085 | D:2      | Reached XP level 4. HP: 19/24 MP: 5/5
  1191 | D:2      | Found a deep blue altar of Sif Muna.
  1888 | D:4      | Found a glowing silver altar of Zin.
  1889 | D:4      | Noticed an angel
  1915 | D:4      | Reached XP level 5. HP: 23/28 MP: 7/7
  2117 | D:4      | Found a shimmering altar of Xom.
  2259 | D:4      | Found a burning altar of Makhleb.
  2315 | D:4      | Noticed an ogre
  2322 | D:4      | Killed an ogre
  2322 | D:4      | Reached skill level 4 in Fighting
  2322 | D:4      | Gained mutation: You heal very quickly. [vine stalker growth]
  2322 | D:4      | Reached XP level 6. HP: 5/33 MP: 3/8
  2374 | D:4      | Noticed an ogre
  2382 | D:4      | Killed an ogre
  2431 | D:4      | Found a sacrificial altar of Ru.
  2486 | D:4      | Found a snail-covered altar of Cheibriados.
  2532 | D:5      | Entered Level 5 of the Dungeon
  2595 | D:5      | Mangled by an ogre

Action                   |  1- 3 |  4- 6 || total
-------------------------+-------+-------++-------
Melee: War axe           |    78 |   129 ||   207
       Hand axe          |       |    27 ||    27
  Eat: Chunk             |     1 |     5 ||     6
